[Event "Gibraltar Amateurs B 2019"]
[Site "Caleta"]
[Date "2019.01.27"]
[Round "2"]
[White "Bizcocho Mellado, Gregorio"]
[Black "Pink, Joshua"]
[Result "0-1"]
[ECO "B13"]
[WhiteElo "1771"]
[BlackElo "1890"]
[Annotator "NA"]
[PlyCount "148"]
[EventDate "2019.01.18"]
[EventType "swiss"]
[EventCountry "GGB"]
[SourceTitle "playchess.com"]
[Source "ChessBase"]
[SourceQuality "1"]
[TimeControl "6600+10"]

1. e4 c6 2. d4 d5 3. exd5 cxd5 4. f4 {[%emt 0:01:11] B13: Caro-Kann: Exchange Variation and Panov-Botvinnik Attack} (4. Nf3 Nc6 5. Bb5 e6 6. O-O Bd6 7. c4 Nge7 8. Nc3 O-O 9. c5 Bc7 10. a3 e5 11. Bxc6 Nxc6 12. dxe5 d4 13. Nb5 {½-½ (60) Karjakin,S (2753)-Mamedyarov,S (2817) St Petersburg 2018}) 4... Nc6 5. Nf3 Bg4 6. c3 e6 7. Bd3 Bd6 8. O-O Nge7 $146 ({Predecessor:} 8... Qc7 9. Qd2 Nge7 10. Ne5 Bf5 11. Qe2 Bxd3 12. Nxd3 Qd7 {0-1 (35) Savic,S-Sergijevic,Z (2096) Belgrade 2017}) 9. Qe1 Bxf3 10. Rxf3 Qc7 11. a4 O-O-O (11... Na5 $11) 12. Na3 (12. b4 $16) 12... a6 {[%emt 0:02:59] [#]} 13. b4 $1 Nb8 14. b5 a5 15. b6 Qd7 16. Nb5 Nbc6 17. Nxd6+ Qxd6 18. Ba3 Qd7 19. Bb5 Nf5 20. Bc5 Nd6 21. Rc1 h6 22. c4 Nxc4 23. Bxc4 (23. f5 $16) 23... dxc4 24. Rxc4 Qd5 25. Rfc3 Kd7 26. Qg3 Qf5 27. Rc1 Rhg8 28. Ba3 g5 29. fxg5 Qxg5 30. Qc7+ Ke8 31. g3 $2 (31. R4c2 $11 {and White stays safe.} Rd7 32. Qc8+ Nd8 33. Bc5) 31... Qe3+ 32. Kh1 Qxa3 33. Qxb7 Qf3+ 34. Kg1 Nxd4 35. Qxf3 Nxf3+ 36. Kf2 Ne5 37. Rc8 Nd3+ 38. Ke3 Nxc1 39. b7 Kd7 40. b8=Q Rxc8 41. Qb7+ Rc7 42. Qb5+ Ke7 43. Qxa5 Rgc8 44. Qb4+ Ke8 45. Qb5+ Kd8 46. Qb6 {[%emt 0:00:13] [#]} Nb3 $1 47. a5 Ke8 48. Qb5+ Kf8 49. Qb4+ Kg8 50. Qg4+ Kh8 51. Kf2 Rc2+ 52. Kg1 Nxa5 (52... Rd2 $142 53. Qh3 Rc1+ 54. Qf1 Rxf1+ 55. Kxf1 Nxa5 56. g4 Nc4 57. h3 f5 58. gxf5 exf5 59. Ke1 f4 60. Kf1 f3 61. Kg1 Ne3 62. Kh1 f2 63. Kh2 f1=Q+ 64. Kg3 Qf2#) 53. Qh5 Nb7 $2 (53... Kg8 54. Qxa5 Rb2) 54. Qxh6+ (54. Qxf7 $142 R8c7 55. Qg6) 54... Kg8 55. Qg5+ Kf8 56. Qh6+ Ke8 57. Qh8+ Kd7 58. Qd4+ Nd6 59. Qa7+ R8c7 60. Qa4+ Ke7 61. Qh4+ f6 62. Qh7+ Nf7 63. Qd3 R2c3 64. Qd4 e5 65. Qb4+ Nd6 66. Qh4 R7c4 67. Qh7+ Nf7 68. Qg8 Rc2 69. Qa8 e4 70. Qa7+ Kf8 71. Qa3+ Kg7 72. Qa8 e3 73. Qa5 Rc1+ 74. Kg2 e2 0-1

[Event "Gibraltar Amateurs B 2019"]
[Site "Caleta"]
[Date "2019.01.27"]
[Round "2"]
[White "Poggio, Freddie"]
[Black "Lochte, Szilvia"]
[Result "1/2-1/2"]
[ECO "B18"]
[WhiteElo "1765"]
[BlackElo "1868"]
[Annotator "NA"]
[PlyCount "43"]
[EventDate "2019.01.18"]
[EventType "swiss"]
[EventCountry "GGB"]
[SourceTitle "playchess.com"]
[Source "ChessBase"]
[SourceQuality "1"]
[TimeControl "6600+10"]

1. d4 d5 2. Nf3 Nf6 3. e3 Bf5 4. Bd3 Bxd3 5. Qxd3 {[%emt 0:00:14] LiveBook: 38 Games} c6 6. O-O e6 7. Re1 Be7 8. Nbd2 Nbd7 9. e4 dxe4 10. Nxe4 Nxe4 {[%emt 0:03:06] B18: Classical Caro-Kann: 4...Bf5 sidelines} (10... O-O 11. Nxf6+ Nxf6 12. Bg5 c5 13. Qb3 h6 14. Bh4 cxd4 15. Qxb7 Bc5 16. Ne5 Qd5 17. Qa6 Rab8 18. b3 Bb4 19. Re2 Nh5 20. Nf3 Qf5 21. Bg3 Nxg3 22. hxg3 Bc3 23. Rd1 Qc5 {½-½ (24) Boscolo,F (2300)-Dvirnyy,D (2515) Forni di Sopra 2012}) 11. Rxe4 Nf6 12. Re2 O-O 13. Be3 $146 ({Predecessor:} 13. Bf4 Nd5 14. Bg3 Bf6 15. Qe4 Qb6 16. c3 c5 17. Be5 cxd4 18. Bxd4 Bxd4 19. Qxd4 Qxd4 20. Nxd4 {0-1 (41) Cisler,M (1831)-Klecker,T (1899) Czechia 2006}) 13... Qc7 14. h3 h6 15. Rae1 Rfd8 16. Qb3 Nd5 17. Bd2 a5 18. c3 a4 19. Qc2 Bd6 20. a3 b5 $11 21. Bc1 Nb6 22. Qd1 1/2-1/2

[Event "Gibraltar Amateurs B 2019"]
[Site "Caleta"]
[Date "2019.01.27"]
[Round "2"]
[White "Salas Martin, Javier"]
[Black "Robson, Paul E"]
[Result "0-1"]
[ECO "A57"]
[WhiteElo "1749"]
[BlackElo "1861"]
[Annotator "NA"]
[PlyCount "80"]
[EventDate "2019.01.18"]
[EventType "swiss"]
[EventCountry "GGB"]
[SourceTitle "playchess.com"]
[Source "ChessBase"]
[SourceQuality "1"]
[TimeControl "6600+10"]

1. d4 Nf6 2. c4 c5 3. d5 b5 4. Qc2 bxc4 5. Nc3 d6 6. e4 g6 7. Bxc4 Bg7 {[%emt 0:00:09] LiveBook: 23 Games} 8. h3 O-O 9. Nf3 Nbd7 10. O-O Nb6 {[%emt 0:05:23] A57: Benko/Volga Gambit} (10... Rb8 11. Re1 Nh5 12. Be2 Ne5 13. Nxe5 Bxe5 14. Bxh5 gxh5 15. Bh6 Re8 16. Qd2 Kh8 17. Bf4 Bd4 18. Be3 {0-1 (63) Dreev,A (2644)-Perunovic,M (2622) Berlin 2015}) 11. Be2 Ne8 12. Bf4 Nc7 13. Rad1 Bb7 {[%emt 0:01:14] [#]} 14. Bg5 $146 ({Predecessor:} 14. a4 Na6 15. Bxa6 Bxa6 16. Rfe1 Nc4 17. b3 Na5 18. e5 {1-0 (26) Cvitan,O (2503)-Bozinovic,B (2237) Zagreb 2018}) 14... h6 15. Be3 Kh7 16. Rfe1 Rb8 17. h4 Ba6 18. e5 Bxe2 19. Rxe2 Nc4 20. Bc1 Qd7 21. exd6 exd6 22. b3 Nb6 23. h5 Rbe8 24. hxg6+ fxg6 25. Rxe8 Qxe8 26. Ne4 Nc8 27. Re1 Qd7 28. Nh4 Qg4 ({Not} 28... Nxd5 $2 {[#]} 29. Nxg6 $1 Kxg6 30. Nxd6+ Rf5 31. Nxc8 $18 (31. Nxf5 Qxf5 32. Qxc5 Ncb6 $16)) 29. g3 Nxd5 30. Nxc5 dxc5 31. Qxc5 Qd4 32. Qc2 Nce7 33. Ba3 Rc8 34. Qb1 Rf8 35. Qc2 Qf6 36. Bc5 Rf7 37. Bxa7 Nf5 38. Nxf5 Qxf5 39. Qc5 $2 (39. Qxf5 $17 gxf5 40. Bc5) 39... Nf6 $17 (39... Qf3 $19 40. Qc2 Rxa7) 40. Qc4 Rxa7 0-1

[Event "Gibraltar Amateurs B 2019"]
[Site "Caleta"]
[Date "2019.01.27"]
[Round "2"]
[White "Kuenitz, Klaus"]
[Black "Johansson, Daniel 1984"]
[Result "1/2-1/2"]
[ECO "D63"]
[WhiteElo "1723"]
[BlackElo "1859"]
[Annotator "NA"]
[PlyCount "119"]
[EventDate "2019.01.18"]
[EventType "swiss"]
[EventCountry "GGB"]
[SourceTitle "playchess.com"]
[Source "ChessBase"]
[SourceQuality "1"]
[TimeControl "6600+10"]

1. d4 Nf6 2. c4 e6 3. Nf3 d5 4. Bg5 Be7 {[%emt 0:00:27] LiveBook: 1173 Games} 5. e3 a6 6. Nc3 O-O 7. cxd5 exd5 8. Rc1 h6 9. Bh4 Nbd7 10. Be2 {[%emt 0:02:05] D63: Queen's Gambit Declined: Classical: 7 Rc1} (10. Bd3 c6 11. Qc2 Ne8 12. Bg3 Bd6 13. Ne5 Ndf6 14. f4 c5 15. Bh4 Qb6 16. Qd2 cxd4 17. exd4 Be6 18. Bf2 Bb4 19. f5 {1-0 (57) Wang,Y (2724)-Zvjaginsev,V (2660) Skopje 2015}) 10... b6 11. O-O Bb7 12. Ne5 Ne8 $146 ({Predecessor:} 12... Ne4 13. Bxe7 Qxe7 14. Nxe4 Nxe5 15. Ng3 Ng6 16. Bd3 c5 17. dxc5 bxc5 18. Bxg6 fxg6 19. Qc2 {½-½ (28) Khanukov,B (2273)-Etzold,E (2088) Dresden 2018}) 13. Bg3 Nxe5 14. Bxe5 Bd6 15. Bxd6 Qxd6 16. Bf3 Nf6 17. Qd3 Rfe8 18. g3 Rad8 19. Qc2 g6 20. Bg2 Kg7 21. a3 h5 22. Na2 c6 23. Nb4 a5 24. Nd3 h4 25. Ne5 Nd7 26. f4 hxg3 27. hxg3 f5 28. Kf2 Nxe5 29. fxe5 Qe7 30. Rh1 Qg5 31. Rh4 Rh8 32. Rch1 Rxh4 33. Rxh4 Qe7 34. Qc1 $14 Rh8 35. Rxh8 Kxh8 36. Qc3 Kg7 37. b4 axb4 38. Qxb4 Qc7 39. Qb3 Kf7 40. Qd1 Ke6 41. Qh1 c5 42. Qh6 cxd4 43. Qxg6+ Kxe5 44. exd4+ Kxd4 45. Qf6+ Kc4 46. Bf1+ Kb3 47. Qxf5 Qc5+ 48. Kf3 d4+ 49. Kf4 Qc1+ 50. Ke5 Qe3+ 51. Kf6 Qf3 52. g4 Kxa3 53. g5 Qxf5+ 54. Kxf5 Kb4 55. Ke5 Kc5 56. g6 Bd5 57. g7 Bg8 58. Bd3 b5 59. Bxb5 Kxb5 60. Kxd4 1/2-1/2

[Event "Gibraltar Amateurs B 2019"]
[Site "Caleta"]
[Date "2019.01.27"]
[Round "2"]
[White "Towers, Brian"]
[Black "Lane, Ryan"]
[Result "0-1"]
[ECO "D03"]
[WhiteElo "1710"]
[BlackElo "1851"]
[Annotator "NA"]
[PlyCount "84"]
[EventDate "2019.01.18"]
[EventType "swiss"]
[EventCountry "GGB"]
[SourceTitle "playchess.com"]
[Source "ChessBase"]
[SourceQuality "1"]
[TimeControl "6600+10"]

1. d4 Nf6 2. Nf3 g6 3. Bg5 Bg7 4. Nbd2 d5 5. e3 {[%emt 0:01:12] LiveBook: 1394 Games} O-O 6. Bd3 c5 7. c3 cxd4 8. exd4 Nc6 9. O-O Bg4 {[%emt 0:01:31] D03: 1 d4 d5 2 Nf3 Nf6 3 Bg5, including Torre Attack with early ...d5} (9... Bf5 10. Bxf5 gxf5 11. Bxf6 Bxf6 12. Qe2 Qd6 13. Rfe1 Bg7 14. Ne5 Rae8 15. Ndf3 e6 16. Rad1 Ne7 17. Qb5 Rb8 {½-½ (29) Rodrigue Lemieux,S (2250)-Tutisani,N (2471) Manavgat 2018}) 10. h3 Bxf3 11. Nxf3 Qc7 12. Re1 Rfe8 13. Qd2 Nd7 14. Bf4 $146 ({Predecessor:} 14. Bb5) 14... Qb6 15. a4 e5 16. dxe5 Ndxe5 17. Nxe5 Nxe5 18. Bb5 Re7 19. Qxd5 Rd8 20. Qa2 a6 $16 21. Bc4 Kh8 22. Bf1 Rde8 23. Be3 Qc6 24. Red1 Qe4 25. Rd4 Qf5 26. Rd2 Bf6 27. Rad1 Bg5 28. Bxg5 Qxg5 29. Rd8 Rxd8 30. Rxd8+ Kg7 31. Qd5 Re6 32. Rb8 Rf6 33. Qd8 Kh6 34. Qf8+ Kh5 35. Be2+ Nf3+ 36. Bxf3+ Rxf3 37. g4+ Kh4 38. Qd8 f6 39. Qd4 Rxh3 40. Qd1 Qf4 41. Rxb7 Qh2+ 42. Kf1 Qh1+ 0-1

[Event "Gibraltar Amateurs B 2019"]
[Site "Caleta"]
[Date "2019.01.27"]
[Round "2"]
[White "Fong, Mi Yen"]
[Black "Bosschem, Eddy"]
[Result "0-1"]
[ECO "D48"]
[WhiteElo "1687"]
[BlackElo "1847"]
[Annotator "NA"]
[PlyCount "66"]
[EventDate "2019.01.18"]
[EventType "swiss"]
[EventCountry "GGB"]
[SourceTitle "playchess.com"]
[Source "ChessBase"]
[SourceQuality "1"]
[TimeControl "6600+10"]

1. d4 d5 2. c4 c6 3. Nc3 Nf6 4. e3 e6 5. Nf3 Nbd7 6. Bd3 dxc4 7. Bxc4 b5 8. Bd3 a6 9. O-O c5 10. b3 Bb7 11. Re1 Qb6 12. Be2 Be7 13. Bb2 O-O 14. Qd2 Rfd8 15. Rad1 Rac8 $17 16. Ba1 cxd4 17. exd4 Bb4 18. Qe3 Ng4 19. Qg5 Nxf2 20. Kxf2 Bxc3 21. Bxc3 Rxc3 22. Kg1 Nf6 23. Qf4 Nd5 24. Qd2 Rdc8 25. Bd3 h6 26. Kh1 Qd6 27. Qf2 Nf4 28. Be4 Bxe4 29. Rxe4 Nd5 30. Ne5 Nf6 31. Rf4 Rc1 32. Rf1 R8c2 33. Qh4 Qxd4 0-1

[Event "Gibraltar Amateurs B 2019"]
[Site "Caleta"]
[Date "2019.01.28"]
[Round "3"]
[White "Pink, Joshua"]
[Black "Parker, Keith"]
[Result "1-0"]
[ECO "B12"]
[WhiteElo "1890"]
[BlackElo "1810"]
[Annotator "NA"]
[PlyCount "91"]
[EventDate "2019.01.18"]
[EventType "swiss"]
[EventCountry "GGB"]
[SourceTitle "playchess.com"]
[Source "ChessBase"]
[SourceQuality "1"]
[TimeControl "6600+10"]

1. e4 c6 2. d4 d5 3. e5 Bf5 4. Nc3 e6 5. g4 Bg6 6. Nge2 h6 7. h4 {[%emt 0:00:22] LiveBook: 9 Games} Qb6 {[%emt 0:03:25] B12: Caro-Kann: Advance Variation} (7... Be7 8. h5 Bh7 9. Be3 Nd7 10. Qd2 Nb6 11. Ng3 Bg5 12. f4 Bh4 13. Rh3 Bxg3+ 14. Rxg3 Ne7 15. b3 {1-0 (47) Kriebel,T (2461)-Gunina,V (2529) Novy Bor 2015}) 8. h5 Bh7 9. a4 $146 ({Predecessor:} 9. Bg2 c5 10. O-O Nc6 11. dxc5 Bxc5 12. Na4 Qa5 13. c3 Qb5 14. Nxc5 Qxc5 {1-0 (44) Muratovic,E (2213)-Kurtcehajic,S (2053) Prijedor 2015}) 9... Nd7 10. a5 Qd8 11. Bg2 Bb4 12. O-O Bxa5 13. f4 Bb6 14. Be3 Ne7 15. Qd2 O-O 16. Ng3 (16. Na4 $11) 16... c5 17. Nb5 cxd4 18. Nxd4 {[%emt 0:01:12] [#]} Nc6 $1 19. c3 Qh4 20. Bf2 Nxd4 21. cxd4 Qxg4 22. Qe3 Rac8 23. Bf3 Qh3 24. Rac1 Qh4 $2 (24... Rxc1 $19 25. Rxc1 Kh8) 25. Nf5 Qxf2+ 26. Kxf2 Bxf5 27. Qd2 (27. b4 $16) 27... Nb8 28. Rxc8 $1 Rxc8 29. Rc1 Nc6 30. Kg3 Bxd4 $2 {[%emt 0:00:06] [#]} (30... Rb8 $11 {and Black has nothing to worry.}) 31. Rxc6 $1 Rxc6 32. Qxd4 Rb6 33. b4 Kh7 (33... Ra6 {was worth a try.} 34. b5 Ra3) 34. Be2 g6 35. hxg6+ fxg6 36. b5 g5 37. fxg5 hxg5 38. Bd3 Kg6 39. Bxf5+ Kxf5 40. Kf3 Kg6 41. Kg4 Kh6 42. Qc5 d4 43. Qf8+ Kg6 44. Qf6+ Kh7 45. Kxg5 d3 46. Qf7+ 1-0

[Event "Gibraltar Amateurs B 2019"]
[Site "Caleta"]
[Date "2019.01.28"]
[Round "3"]
[White "Lochte, Szilvia"]
[Black "Andersen, Guttorm"]
[Result "1-0"]
[ECO "A13"]
[WhiteElo "1868"]
[BlackElo "1801"]
[Annotator "NA"]
[PlyCount "95"]
[EventDate "2019.01.18"]
[EventType "swiss"]
[EventCountry "GGB"]
[SourceTitle "playchess.com"]
[Source "ChessBase"]
[SourceQuality "1"]
[TimeControl "6600+10"]

1. c4 c6 2. g3 Nf6 3. Bg2 d5 4. Nf3 e6 5. O-O Bd6 6. d3 O-O 7. Nc3 Nbd7 8. a3 a5 9. Rb1 {[%emt 0:01:24] A13: English Opening: 1...e6} Qe7 10. Nd4 $146 ({Predecessor:} 10. Bd2 Re8 11. Qc2 Nb6 12. Na2 {1-0 (55) Gajin,N (2088)-Kovacevic,S (2221) Novi Banovci 2017}) 10... Re8 11. cxd5 Nxd5 12. Nxd5 exd5 13. Nf5 Qe6 14. Nxd6 Qxd6 15. Bf4 Qe7 16. Be3 Nc5 17. Rc1 Ne6 18. Bd2 Ng5 19. Qc2 Bd7 20. e3 Bh3 21. f4 Bxg2 22. Kxg2 Ne6 23. a4 f5 24. Rfe1 Nf8 25. Qb3 Kh8 26. Bc3 h6 27. Bd4 Nh7 28. Qc3 Nf6 29. Qb3 Kh7 30. h3 Qb4 (30... h5 $11) 31. Qxb4 axb4 32. b3 $1 Nd7 33. Kf3 Re6 34. e4 Rae8 35. e5 b6 36. Bf2 c5 {[%emt 0:01:49] [#]} (36... g5 $16 37. d4 Rc8) 37. a5 $2 (37. d4 $1 $18) 37... d4 38. Ra1 Ra8 (38... bxa5 $14 39. Rxa5 g5) 39. axb6 Rxa1 (39... Ra3 $16 {keeps fighting.}) 40. Rxa1 Rxb6 41. Ra7 Nf8 42. g4 fxg4+ 43. hxg4 Ne6 44. Ke4 Nd8 45. f5 $18 Kg8 46. Ra8 Kf7 47. Rxd8 Ra6 48. e6+ 1-0

[Event "Gibraltar Amateurs B 2019"]
[Site "Caleta"]
[Date "2019.01.28"]
[Round "3"]
[White "Robson, Paul E"]
[Black "Sharma Pankaj"]
[Result "0-1"]
[ECO "C00"]
[WhiteElo "1861"]
[BlackElo "1809"]
[Annotator "NA"]
[PlyCount "106"]
[EventDate "2019.01.18"]
[EventType "swiss"]
[EventCountry "GGB"]
[SourceTitle "playchess.com"]
[Source "ChessBase"]
[SourceQuality "1"]
[TimeControl "6600+10"]

1. e4 e6 2. Qe2 c5 3. f4 Nc6 4. Nf3 g6 5. d3 {[%emt 0:01:34] C00: French: Unusual White 2nd moves} (5. g3 Bg7 6. c3 Nge7 7. Bg2 O-O 8. O-O d6 9. Na3 e5 10. d3 h6 11. f5 gxf5 12. Nh4 fxe4 13. dxe4 Be6 {½-½ (30) Fedorov,A (2572)-Stupak,K (2565) Minsk 2018}) 5... Bg7 6. Nbd2 Nge7 7. g3 d6 $146 ({Predecessor:} 7... b6 8. Bg2 Bb7 9. O-O O-O 10. c3 d6 {0-1 (67) Merenyi,G (2075)-Lorincz,O Aggtelek 1997}) 8. Bg2 O-O 9. O-O Rb8 10. Nc4 b5 11. Ne3 a5 12. Kh1 Ba6 13. f5 exf5 14. exf5 Nxf5 15. Nxf5 gxf5 {[%emt 0:00:01] [#]} 16. Nh4 $1 Nd4 17. Qf2 Bb7 18. Nxf5 Nxf5 19. Qxf5 Bxg2+ 20. Kxg2 Qc8 21. Qxc8 Rbxc8 22. Bf4 Rc6 23. Rae1 b4 24. b3 Ra6 25. Re7 Bf6 26. Rd7 Rd8 27. Rxd8+ Bxd8 28. Re1 Kg7 29. Kf3 Bf6 30. Ke4 Be5 31. Bxe5+ dxe5 32. Kd5 f6 33. Kxc5 Ra8 34. Kb5 Kf7 35. Re4 Ke6 36. Rc4 ({White should play} 36. g4 $16) 36... f5 37. Rc7 $2 (37. Rc6+ $16 {stays on course.} Kd5 38. Rf6) 37... e4 38. dxe4 ({But not} 38. Rxh7 $2 e3 $19) 38... fxe4 39. Kc4 {[%emt 0:00:53] [#]} Rd8 $1 40. Rxh7 $2 (40. Rc6+ Kf5 41. Rc5+ {[%mdl 64] Double Attack} Kg4 42. Re5 (42. Rxa5 Re8 $17)) 40... e3 41. Rh4 {[%emt 0:01:01] [#]} Ke5 $1 42. Rh7 (42. Rh5+ $142 Ke4 43. Rh4+ Kf3 44. Rf4+ Ke2 45. Rf5) 42... Rd4+ 43. Kc5 Re4 44. Re7+ Kf5 45. Rf7+ Kg4 46. Rf1 e2 47. Re1 Kf3 48. Kb5 Re5+ 49. Ka4 Kf2 50. Rc1 Rd5 51. c4 bxc3 52. b4 e1=Q 53. Rxe1 Kxe1 0-1

[Event "Gibraltar Amateurs B 2019"]
[Site "Caleta"]
[Date "2019.01.28"]
[Round "3"]
[White "Johansson, Daniel 1984"]
[Black "Longdin, Michael"]
[Result "1/2-1/2"]
[ECO "B20"]
[WhiteElo "1859"]
[BlackElo "1735"]
[Annotator "NA"]
[PlyCount "100"]
[EventDate "2019.01.18"]
[EventType "swiss"]
[EventCountry "GGB"]
[SourceTitle "playchess.com"]
[Source "ChessBase"]
[SourceQuality "1"]
[TimeControl "6600+10"]

1. e4 c5 2. g3 d5 3. Nc3 d4 {[%emt 0:01:21] B20: Sicilian: Unusual White 2nd moves} 4. Nce2 Nc6 5. d3 Bg4 (5... h5 6. h4 Nf6 7. Bg5 c4 8. Bh3 Qa5+ 9. Kf1 cxd3 10. cxd3 Ng4 11. Nf3 e5 {½-½ (45) Novikov,S (2565)-Ponkratov,P (2585) Moscow 2010}) 6. h3 Bh5 7. f4 f6 $146 ({Predecessor:} 7... e5 8. Bg2 Bd6 9. g4 Qh4+ 10. Kf1 exf4 11. gxh5 Ne5 12. Nf3 Nxf3 13. Bxf3 {1-0 (20) Gudok,V (1802)-Cole,S (1229) LSS email 2013}) 8. Bg2 e5 9. Nf3 Bd6 10. c4 dxc3 11. bxc3 Nge7 12. O-O O-O 13. Qb3+ Kh8 14. Qxb7 Rb8 15. Qa6 Rb6 16. Qa4 exf4 17. Bxf4 g5 18. Bxd6 Qxd6 19. Qc2 Rd8 ({Black should play} 19... Rfb8 $11) 20. g4 Bf7 21. Rfd1 ({White should play} 21. d4 $16) 21... h5 22. d4 hxg4 23. hxg4 Bg6 24. Kf2 (24. Qc1 $14) 24... cxd4 25. cxd4 Nb4 26. Qc5 (26. Rh1+ $11 Kg8 27. Qd2) 26... Bxe4 ({Black should try} 26... Qe6 $1 $15 27. d5 Qxe4) 27. Qxd6 Rbxd6 {[%emt 0:00:56] [#]} 28. Nxg5 $1 fxg5 29. Bxe4 Rf8+ 30. Kg3 Kg7 (30... Re6 $11 31. Nc3 (31. Rh1+ Kg7 $15) 31... Rc8) 31. a3 ({White should play} 31. Bf3 $16) 31... Nbd5 32. Bxd5 Nxd5 33. Rac1 Re6 34. Rd2 ({White should play} 34. Ng1 $1 $15) 34... Re3+ 35. Kg2 {[%emt 0:00:34] [#]} (35. Kh2 $17 {was worth a try.}) 35... Rxa3 (35... Rxe2+ $1 $19 36. Rxe2 Nf4+ {[%mdl 64] Double Attack} 37. Kf3 Nd3+ {[%mdl 64] Discovered Attack} 38. Ke3 Nxc1) 36. Rb1 Ne3+ 37. Kg1 Nxg4 38. d5 Rf2 39. Rbd1 Re3 40. d6 Re8 41. d7 Rd8 42. Rd4 Rxe2 43. Rxg4 Kg6 44. Rd5 a5 45. Rgxg5+ Kf6 46. Rg4 Ke6 47. Rgd4 a4 48. Ra5 Ra2 49. Raxa4 $11 Rxa4 50. Rxa4 Ke5 1/2-1/2

[Event "Gibraltar Amateurs B 2019"]
[Site "Caleta"]
[Date "2019.01.28"]
[Round "3"]
[White "Lane, Ryan"]
[Black "Deus, Pedro"]
[Result "1-0"]
[ECO "C45"]
[WhiteElo "1851"]
[BlackElo "1729"]
[Annotator "NA"]
[PlyCount "27"]
[EventDate "2019.01.18"]
[EventType "swiss"]
[EventCountry "GGB"]
[SourceTitle "playchess.com"]
[Source "ChessBase"]
[SourceQuality "1"]
[TimeControl "6600+10"]

1. e4 e5 2. Nf3 Nc6 3. d4 exd4 4. Nxd4 Qh4 5. Nc3 Bb4 6. Be2 Qxe4 7. Ndb5 $1 Bxc3+ 8. bxc3 Kd8 9. O-O Nf6 10. Re1 Re8 {[%emt 0:06:50] LiveBook: 4 Games} 11. Bg5 Qe5 12. Qd2 h6 13. Bf4 Qc5 $18 14. Bxc7+ {[%emt 0:00:09] Qe5 [%emt 00:00:45]} 1-0

[Event "Gibraltar Amateurs B 2019"]
[Site "Caleta"]
[Date "2019.01.28"]
[Round "3"]
[White "Bosschem, Eddy"]
[Black "Greco, Joseph"]
[Result "1-0"]
[ECO "D10"]
[WhiteElo "1847"]
[BlackElo "1574"]
[Annotator "NA"]
[PlyCount "85"]
[EventDate "2019.01.18"]
[EventType "swiss"]
[EventCountry "GGB"]
[SourceTitle "playchess.com"]
[Source "ChessBase"]
[SourceQuality "1"]
[TimeControl "6600+10"]

1. d4 c5 2. c3 cxd4 3. cxd4 d5 4. Nc3 g6 5. Nf3 Nc6 6. Bf4 Bg7 7. e3 a6 8. Qb3 {[%emt 0:12:48] D10: Slav Defence: 3 cxd5 (without early Nf3) and 3 Nc3} (8. h3 Nf6 9. Bd3 O-O 10. O-O b5 11. a4 b4 12. Na2 a5 13. Nc1 Bd7 14. Nb3 Ne4 15. Qe2 Qe8 16. Bb5 f6 17. Rfc1 e5 18. Bh2 {1-0 (40) Mkrtchian,L (2450)-Matnadze,A (2411) Wroclaw 2014}) 8... e6 9. Rc1 f6 $146 ({Predecessor:} 9... Nge7 10. Bd3 O-O 11. O-O f6 {½-½ (44) Ulrichsen,J-Wibe,T Norway 1975}) 10. Be2 Nge7 11. O-O g5 12. Bg3 h5 13. h4 g4 14. Ne1 Nf5 15. Nd3 Nxg3 16. fxg3 f5 (16... Na5 $11 17. Qc2 Nc4) 17. Nf4 Rb8 {[%emt 0:05:12] [#]} 18. Na4 (18. Ncxd5 $1 $18 exd5 {[#]} 19. Rxc6 $1 {[%mdl 576] Remove Defender} bxc6 20. Qxb8) 18... Qd6 19. Nb6 (19. Qb6 $16) 19... Bd7 20. Nxd7 Kxd7 21. Qb6 Bf6 22. Rc3 $2 (22. a3 $11 {and White is okay.}) 22... Bd8 $2 ({Better is} 22... Nxd4 $1 $19 23. Qxd6+ Kxd6 24. exd4 Bxd4+ {[%mdl 64] Double Attack} 25. Kh2 Bxc3 26. bxc3 e5) 23. Qb3 $1 Bf6 ({Better is} 23... Rh6 $14) 24. Rfc1 Bd8 (24... Bg7 $16) 25. Qa4 Rc8 $2 (25... Bc7 26. Bd3 Rh6) 26. Kh2 Bf6 $11 (26... Bc7 $16 27. Bd3 (27. Bxa6 Ra8 $16 {[%mdl 64] Pin}) 27... Rh6) 27. Nd3 $2 (27. Rc5 $18) 27... Ke7 28. Nf4 Rhg8 $18 29. Bxa6 Ra8 30. Rxc6 bxc6 31. Rxc6 Qb8 32. Rxe6+ Kd8 33. Rxf6 Qa7 34. Qc6 Rb8 35. Bb5 Qb7 36. Rd6+ Ke7 37. Rd7+ Qxd7 38. Qxd7+ Kf6 39. Nxh5+ Kg6 40. Nf4+ Kf6 41. Qe6+ Kg7 42. Qg6+ Kf8 43. Qf6# 1-0

[Event "Gibraltar Amateurs B 2019"]
[Site "Caleta"]
[Date "2019.01.28"]
[Round "3"]
[White "Francois-Haugrin, Said"]
[Black "Cernuda Orejas, Victor Manuel"]
[Result "0-1"]
[ECO "B12"]
[WhiteElo "1825"]
[BlackElo "1893"]
[Annotator "NA"]
[PlyCount "83"]
[EventDate "2019.01.18"]
[EventType "swiss"]
[EventCountry "GGB"]
[SourceTitle "playchess.com"]
[Source "ChessBase"]
[SourceQuality "1"]
[TimeControl "6600+10"]

1. e4 c6 2. d4 d5 3. e5 c5 4. c3 {[%emt 0:00:48] B12: Caro-Kann: Advance Variation} cxd4 5. cxd4 Nc6 6. Nc3 e6 7. Be3 Nge7 8. g4 $146 ({Predecessor:} 8. Bd3 Nf5 9. Bxf5 exf5 10. Nge2 Be6 11. O-O Be7 12. Rc1 O-O 13. Na4 {1-0 (43) Short,N (2680)-Sadeghi,S (2141) Ottawa 2010}) 8... h5 9. f3 (9. g5 $11) 9... hxg4 10. fxg4 Ng6 11. Nf3 Qb6 12. Qd2 Bd7 13. O-O-O Bb4 14. Kb1 Rc8 15. Rc1 Na5 16. h4 a6 17. Bd3 (17. h5 $16) 17... Ne7 18. Rhf1 Bb5 19. Bxb5+ axb5 20. b3 (20. Ng5 $11 Nc4 21. Qe2) 20... Bxc3 21. Rxc3 Rxc3 22. Qxc3 b4 23. Qd3 Qa6 24. Qxa6 bxa6 25. Bg5 Nac6 26. Rc1 Kd7 27. Kb2 Ng8 28. a3 f6 29. Bf4 Nh6 30. exf6 gxf6 31. g5 fxg5 32. Bxg5 Nf5 33. axb4 Rb8 34. Ne5+ Nxe5 35. dxe5 Rxb4 36. Rh1 Rg4 37. Bf6 Rg2+ 38. Ka3 Ng3 39. Rh3 Ne4 40. Rf3 $2 (40. h5 $18 Nxf6 41. exf6) 40... Ke8 41. h5 $2 ({White should try} 41. Kb4 $11) 41... Rh2 42. Kb4 $19 0-1